 Dungeon Crawl Stone Soup version 0.25-a0-356-g7c9d860b3b (webtiles) character file.

Game seed: 17638834900216629126, levelgen mode: classic

3522 Borgoz the Cleaver (level 10, -2/64 HPs)
             Began as a Gargoyle Gladiator on Jan 3, 2020.
             Was a Follower of Makhleb.
             Killed from afar by an acid dragon (3 damage)
             ... with a splash of acid
             ... on level 7 of the Dungeon.
             The game lasted 00:09:42 (7541 turns).

Borgoz the Cleaver (Gargoyle Gladiator)             Turns: 7541, Time: 00:09:43

Health: -2/64      AC: 15    Str: 20 (21) XL:     10   Next: 8%
Magic:  10/10      EV:  4    Int:  9      God:    Makhleb [*.....]
Gold:   286        SH:  0    Dex:  9 (11) Spells: 9/9 levels left

rFire    + . .     SeeInvis .   a - +0 war axe
rCold    + + .     Gourm    .   (no shield)
rNeg     + . .     Faith    .   g - +2 gold dragon scales
rPois    ∞         Spirit   .   c - +0 helmet
rElec    +         Reflect  .   (no cloak)
rCorr    .         Harm     .   k - -1 pair of gloves (curse)
MR       .....                  (no boots)
Stlth    ..........             (no amulet)
HPRegen  0.20/turn              o - ring of protection from cold
MPRegen  0.12/turn              (no ring)

@: corroded, hasted, studying Long Blades, very quick
A: negative energy resistance 1, electricity resistance, unbreathing,
petrification resistance, rot immunity, AC +7
a: Renounce Religion


You were on level 7 of the Dungeon.
You worshipped Makhleb.
Makhleb was aware of your devotion.
You were hungry.

You visited 2 branches of the dungeon, and saw 8 of its levels.

You collected 286 gold pieces.

Inventory:

Hand Weapons
 a - a +0 war axe (weapon)
 b - a +0 dire flail of draining
 z - a +0 battleaxe
Armour
 c - a +0 helmet (worn)
 g - +2 gold dragon scales (worn)
 k - a cursed -1 pair of gloves (worn)
Jewellery
 o - a ring of protection from cold (left hand)
Scrolls
 e - a scroll of fear {unknown}
 l - a scroll of random uselessness {unknown}
 m - 2 scrolls of enchant armour {unknown}
 n - 2 scrolls of enchant weapon
 p - 2 scrolls of immolation {unknown}
 r - 3 scrolls of amnesia
 s - 2 scrolls of fog {unknown}
 t - 2 scrolls of remove curse {unknown}
 u - a scroll of teleportation {unknown}
 w - a scroll of noise {unknown}
 y - a scroll of magic mapping {unknown}
Potions
 h - a potion of haste
 i - 5 potions of mutation
Books
 q - a manual of Long Blades
Comestibles
 f - 11 rations


   Skills:
 + Level 8.0 Fighting
 * Level 9.6 Axes
 - Level 1.7 Throwing
 + Level 7.6 Armour
 - Level 2.4 Dodging


You had 9 spell levels left.
You didn't know any spells.
Your spell library contained the following spells:

 Spells                   Type           Power        Failure   Level  Hunger
 Static Discharge         Conj/Air       #.......     100%        3    ####...
 Lee's Rapid Deconstruct  Erth           #.........   100%        5    ######.
 Conjure Ball Lightning   Conj/Air       #.........   100%        6    #######
 Freezing Cloud           Conj/Ice/Air   #.........   100%        6    #######


Dungeon Overview and Level Annotations

Branches:
Dungeon (7/15)             Temple (1/1) D:5

Altars:
Ashenzari
Elyvilon
Gozag
Hepliaklqana
Kikubaaqudgha
Makhleb
Qazlal
Ru
Trog
Xom
Yredelemnul
The Shining One

Annotations:
D:5 3 runed translucent doors, Goblin1989's ghost, novice DsCK
D:6 3 runed translucent doors, LostGamesStreakFreak's ghost, novice MiFi


Innate Abilities, Weirdness & Mutations

You are resistant to torment.
Your stone body is resilient. (AC +7)
You are immune to poison.
You resist negative energy. (rN+)
You are resistant to electric shocks. (rElec)
You can survive without breathing.
You are immune to petrification.
You are immune to rotting.


Message History

The acid dragon claws you but does no damage.
That item cannot be evoked!
Quiver which item? (- for none, * to show all) (? for menu, Esc to quit)
Okay, then.
Quiver which item? (- for none, * to show all) (? for menu, Esc to quit)
Okay, then.
Quiver which item? (- for none, * to show all) (? for menu, Esc to quit)
Okay, then.
You feel yourself speed up.
The acid dragon bites you but does no damage.
The acid dragon claws you but does no damage.
The acid dragon spits acid at you. The splash of acid hits you.
* * * LOW HITPOINT WARNING * * *
You are splashed with acid!
* * * LOW HITPOINT WARNING * * *
You see here 12 gold pieces.
The acid dragon spits acid at you. The splash of acid hits you.
You die...

...... #.#(#.#.#.##
...... #..#.#..(.)
....#####.#.#.#.####
...##...# #.####
#..###.#####.### .
#####..#..#..#....=# .#
.......#..#..##..[[#...
#...........|#)..#
#..@#.#.#.#.|..##...
.##.#...##...##.....#..#
.........###.#####.###
#. ######.#.#.....# #.#
. #.#$#.....# #.#
#...D.# ....#. ##.!##D#
##.# # #..# #.# #..# .#


You could see an acid dragon.

Vanquished Creatures
  Joseph (D:7)
  A hornet (D:7)
  A wraith (D:7)
  A vampire mosquito (D:7)
  Edmund (D:5)
  Duvessa (D:6)
  An ice beast (D:6)
  5 orc warriors
  2 phantoms
  4 centaurs
  4 bullfrogs
  3 scorpions
  A wyvern skeleton (D:6)
  A water moccasin skeleton (D:4)
  Dowan (D:6)
  A bullfrog zombie (D:7)
  4 orc priests
  A hound (D:7)
  7 orc wizards
  Jessica (D:3)
  A bullfrog skeleton (D:4)
  2 iguanas
  7 worker ants
  A hound skeleton (D:7)
  9 adders
  A shadow imp (D:5)
  3 oozes
  4 worms
  2 dart slugs
  7 leopard geckos
  27 orcs
  A ball python (D:1)
  4 giant cockroaches
  6 goblins
  11 hobgoblins
  15 jackals
  5 kobolds
  A quokka (D:3)
  5 bats
  6 frilled lizards
  A leopard gecko skeleton (D:5)
  A quokka skeleton (D:5)
  4 rats (D:3)
166 creatures vanquished.

Notes
Turn   | Place    | Note
-------+----------+-------------------------------------------
     0 | D:1      | Borgoz the Gargoyle Gladiator began the quest for the Orb.
     0 | D:1      | Reached XP level 1. HP: 12/12 MP: 1/1
    91 | D:1      | Reached skill level 3 in Axes
    91 | D:1      | Reached XP level 2. HP: 16/18 MP: 2/2
   473 | D:1      | Reached skill level 1 in Armour
   553 | D:1      | Reached XP level 3. HP: 16/22 MP: 3/3
   832 | D:2      | Reached XP level 4. HP: 6/27 MP: 4/4
  1574 | D:3      | Noticed Jessica
  1582 | D:3      | Killed Jessica
  1582 | D:3      | Reached skill level 4 in Axes
  1582 | D:3      | Reached XP level 5. HP: 32/32 MP: 5/5
  1879 | D:3      | Reached XP level 6. HP: 16/38 MP: 6/6
  2625 | D:4      | Reached skill level 5 in Axes
  2868 | D:4      | Reached XP level 7. HP: 43/44 MP: 7/7
  3525 | D:5      | Entered Level 5 of the Dungeon
  3525 | D:5      | Noticed Edmund
  3536 | D:5      | Killed Edmund
  3536 | D:5      | Reached skill level 6 in Axes
  3561 | D:5      | Found a staircase to the Ecumenical Temple.
  3580 | D:5      | Reached skill level 5 in Fighting
  3590 | D:5      | Reached XP level 8. HP: 22/49 MP: 8/8
  3619 | Temple   | Entered the Ecumenical Temple
  3631 | Temple   | Became a worshipper of Makhleb the Destroyer
  3837 | D:5      | Found a runed translucent gate.
  3837 | D:5      | Found a runed translucent gate.
  3837 | D:5      | Found a runed translucent gate.
  3929 | D:5      | Noticed Goblin1989's ghost (novice DsCK)
  3963 | D:5      | Found a shattered altar of Ashenzari.
  4589 | D:6      | Reached skill level 5 in Armour
  4592 | D:6      | HP: 2/50 [orc warrior/+0 battleaxe (11)]
  4598 | D:6      | Reached skill level 7 in Axes
  5384 | D:6      | Reached XP level 9. HP: 32/56 MP: 9/9
  5584 | D:6      | Found a runed translucent gate.
  5584 | D:6      | Found a runed translucent gate.
  5584 | D:6      | Found a runed translucent gate.
  5584 | D:6      | Noticed Duvessa
  5584 | D:6      | Noticed Dowan
  5586 | D:6      | Noticed LostGamesStreakFreak's ghost (novice MiFi)
  5597 | D:6      | Killed Dowan
  5611 | D:6      | Killed Duvessa
  5611 | D:6      | Reached skill level 8 in Axes
  6001 | D:6      | Reached * piety under Makhleb
  6531 | D:7      | Noticed a hornet
  6545 | D:7      | Killed a hornet
  6848 | D:7      | Noticed Joseph
  6889 | D:7      | Killed Joseph
  6889 | D:7      | Reached skill level 9 in Axes
  7079 | D:7      | Reached XP level 10. HP: 14/64 MP: 10/10
  7474 | D:7      | Identified the Reference Book on Earthen Attacks
  7536 | D:7      | HP: 1/64 [acid (12)]
  7541 | D:7      | Killed from afar by an acid dragon

Levels and vault maps discovered:
D:1:      nicolae_arrival_memento_mori, layout_rooms, minmay_crystal_room,
          minivault_25, chequers_serial_rivers_micro_a
D:2:      layout_loops_ring, first_ration
D:3:      layout_basic, uniq_jessica
D:4:      layout_basic
D:5:      layout_basic, minmay_temple_entry_tees, gammafunk_ghost_icy,
          cheibrodos_ashenzari_chains, uniq_edmund
D:6:      layout_loops_ring, gammafunk_ghost_necromancy, uniq_duvessa
D:7:      minmay_the_grid_square_5x5_3x3 [minmay_the_grid_square_5x5_six_small,
          minmay_the_grid_square_5x5_two_small, minmay_the_grid_square_5x5_two,
          minmay_the_grid_square_5x5_tri_point,
          minmay_the_grid_square_5x5_megaprize_crossed,
          minmay_the_grid_square_5x5_fat_x,
          minmay_the_grid_square_5x5_half_checkered,
          minmay_the_grid_square_5x5_comb, minmay_the_grid_square_5x5_six],
          layout_loops_cross, st_stairs_11, uniq_joseph
Temple:   grunt_wide_crystal_templ

Skill      XL: |  1  2  3  4  5  6  7  8  9 10 |
---------------+-------------------------------+-----
Axes           | 3 4 5 6 7 9 |  9.6
Armour         | 1 2 3 4 5 7 |  7.6
Fighting       | 3 4 5 6 7 8 |  8.0
Throwing       | |  1.7
Dodging        | |  2.4

Action                   |  1- 3 |  4- 6 |  7- 9 | 10-12 || total
-------------------------+-------+-------+-------+-------++-------
Melee: War axe           |   114 |   192 |   435 |    35 ||   776
Throw: Throwing net      |       |       |     6 |       ||     6
  Use: Potion            |       |       |    11 |     2 ||    13
       Scroll            |       |       |     7 |       ||     7
 Stab: Held in net/web   |       |       |     1 |       ||     1
  Eat: Chunk             |       |     7 |    14 |     1 ||    22
Armor: Leather armour    |    47 |     2 |       |       ||    49
       Ring mail         |       |   107 |    81 |       ||   188
       Plate armour      |       |       |   196 |    18 ||   214
       Scale mail        |       |       |    41 |       ||    41
       Gold dragon scale |       |       |       |    15 ||    15
Dodge: Dodged            |    80 |   112 |   208 |    11 ||   411

Table legend:
 A = Non-vault XP
 B = Vault XP
 C = Vault XP percentage of total XP
 D = Non-vault monster count
 E = Vault monster count
 F = Vault count percentage of total count
                 A         B        C        D         E       F
            +---------+---------+-------+---------+---------+-------
      Total |    3331 |    1701 |  33.8 |     153 |      13 |   7.8
            +---------+---------+-------+---------+---------+-------
        D:1 |      34 |       0 |   0.0 |      18 |       0 |   0.0
        D:2 |     109 |       0 |   0.0 |      34 |       0 |   0.0
        D:3 |     257 |      37 |  12.6 |      34 |       1 |   2.9
        D:4 |     438 |       0 |   0.0 |      16 |       0 |   0.0
        D:5 |     322 |     157 |  32.8 |      12 |       1 |   7.7
        D:6 |    1220 |     211 |  14.7 |      24 |       2 |   7.7
        D:7 |     951 |    1296 |  57.7 |      15 |       9 |  37.5
            +---------+---------+-------+---------+---------+-------
